 Dungeon Crawl Stone Soup version 0.26-a0-812-g31a745ddcd (webtiles) character file.

Game seed: 2411754055682463619

224 nicanaca0 the Ruffian (level 5, 0/53 HPs)
             Began as a Troll Monk on Nov 21, 2020.
             Slain by an orc priest (3 damage)
             ... on level 4 of the Dungeon.
             The game lasted 00:04:58 (2315 turns).

nicanaca0 the Ruffian (Troll Monk)                  Turns: 2315, Time: 00:04:59

Health: 0/53       AC:  7    Str: 19    XL:     5   Next: 67%
Magic:  4/4        EV:  8    Int:  6    God:
Gold:   86         SH:  8    Dex: 13    Spells: 4/4 levels left

rFire    . . .     SeeInvis .   b - +2 whip (drain)
rCold    . . .     Faith    .   d - +0 kite shield
rNeg     . . .     Spirit   .   a - +0 robe
rPois    .         Reflect  .   (helmet restricted)
rElec    .         Harm     .   h - +0 cloak
rCorr    .         Rampage  .   (gloves unavailable)
MR       .....                  (boots unavailable)
Stlth    ++........             (no amulet)
HPRegen  0.57/turn              (no ring)
MPRegen  0.09/turn              (no ring)

@: no status effects
A: large, unfitting armour, claws 3, regeneration 1, shaggy fur 1, tough skin 3
a: no special abilities


You were on level 4 of the Dungeon.
You visited 1 branch of the dungeon, and saw 4 of its levels.

You collected 86 gold pieces.

Inventory:

Hand Weapons
 b - a +2 whip of draining (weapon)
Armour
 a - a +0 robe (worn)
 d - a +0 kite shield (worn)
 h - a +0 cloak (worn)
Scrolls
 e - a scroll of enchant armour {unknown}
 f - 5 scrolls of identify {unknown}
 g - 3 scrolls of remove curse {unknown}
 m - a scroll of random uselessness {unknown}
 n - a scroll of immolation {unknown}
 o - a scroll of amnesia {unknown}
 p - 2 scrolls of enchant weapon {unknown}
Potions
 c - 2 potions of curing {unknown}
 i - a potion of might {unknown}
 j - a potion of flight {unknown}
 k - a potion of attraction {unknown}
 l - a potion of lignification {unknown}
 q - a potion of brilliance {unknown}
 r - 3 potions of degeneration {unknown}


   Skills:
 + Level 3.4 Fighting
 - Level 2.4 Dodging
 - Level 1.0 Stealth
 + Level 1.6 Shields
 * Level 5.2 Unarmed Combat


You had 4 spell levels left.
You didn't know any spells.
Your spell library contained the following spells:

 Spells                   Type           Power        Failure   Level
 Magic Dart               Conj           #...         94%         1
 Blink                    Tloc           N/A          98%         2
 Call Imp                 Summ           #.......     98%         2
 Slow                     Hex            #.......     98%         2
 Conjure Flame            Conj/Fire      #.......     100%        3
 Mephitic Cloud           Conj/Pois/Air  #.......     100%        3


Dungeon Overview and Level Annotations

Branches:
Dungeon (4/15)
 Temple: D:4-7

Altars:
Dithmenos
Makhleb
The Shining One


Innate Abilities, Weirdness & Mutations

You are too large for most types of armour.
You have claws for hands.
Your natural rate of healing is unusually fast.
You are covered in fur. (AC +1)
You have extremely tough skin. (AC +3)


Message History

The orc priest completely misses you. The orc hits you but does no damage.
The orc closely misses you.
You barely miss the orc priest.
The orc priest is severely wounded.
The water moccasin skeleton bites you but does no damage.
The orc priest hits you but does no damage.
The orc priest mumbles some strange prayers to Beogh against you.
You barely resist. The orc hits you with a +0 dagger.
* * * LOW HITPOINT WARNING * * *
You block the orc's attack.
You block the water moccasin skeleton's attack.
You closely miss the orc priest. The orc priest hits you.
* * * LOW HITPOINT WARNING * * *
The orc priest miscasts a cantrip.
The orc barely misses you. The water moccasin skeleton bites you.
* * * LOW HITPOINT WARNING * * *
The orc hits you with a +0 mace.
* * * LOW HITPOINT WARNING * * *
The orc priest hits you.
You die...

....$#.
.....#..
##.#...#
......(#
#..>..#
#.....#
#...## #Z.###
#@o..#
#..ooo..#
............#
#...........#
#...........#
............#
##....$.....#
#..........#


You could see 2 orc priests, 2 orcs and a water moccasin skeleton.

Vanquished Creatures
  An orc priest (D:3)
  Terence (D:2)
  An iguana (D:3)
  6 adders
  An ooze (D:2)
  3 dart slugs
  3 leopard geckos
  10 orcs (D:3)
  2 bats
  4 giant cockroaches
  6 hobgoblins
  3 jackals (D:1)
  8 kobolds
  A quokka (D:2)
  2 ball pythons (D:1)
  5 frilled lizards
  4 goblins
  9 rats
70 creatures vanquished.

Notes
Turn   | Place    | Note
-------+----------+-------------------------------------------
     0 | D:1      | nicanaca0 the Troll Monk began the quest for the Orb.
     0 | D:1      | Reached XP level 1. HP: 22/22 MP: 0/0
   145 | D:1      | Reached XP level 2. HP: 28/29 MP: 1/1
   539 | D:1      | Reached XP level 3. HP: 33/36 MP: 2/2
  1018 | D:2      | Reached skill level 4 in Unarmed Combat
  1359 | D:2      | Noticed Terence
  1367 | D:2      | Killed Terence
  1367 | D:2      | Reached XP level 4. HP: 41/45 MP: 3/3
  1506 | D:2      | Reached skill level 1 in Shields
  1675 | D:3      | Reached XP level 5. HP: 31/53 MP: 4/4
  1953 | D:3      | Reached skill level 5 in Unarmed Combat
  2103 | D:3      | Found a burning altar of Makhleb.
  2138 | D:3      | Found a glowing golden altar of the Shining One.
  2140 | D:3      | Found a shadowy altar of Dithmenos.
  2315 | D:4      | Slain by an orc priest

Illustrated notes

Levels and vault maps discovered:
D:1:      sevenhm_arrival_forest_fort_small_5, layout_basic
D:2:      layout_loops_ring, uniq_terence
D:3:      layout_basic, nicolae_overflow_hidden_temple, bloody_makhleb
D:4:      layout_rooms

Skill      XL: |  1  2  3  4  5 |
---------------+----------------+-----
Unarmed Combat | 4 5 |  5.2
Fighting       | 3 |  3.4
Shields        | 1 |  1.6
Dodging        | |  2.4
Stealth        | |  1.0

Action                   |  1- 3 |  4- 6 || total
-------------------------+-------+-------++-------
Melee: Unarmed           |   133 |    93 ||   226
       Whip              |       |     7 ||     7
 Stab: Sleeping          |     1 |     2 ||     3
Armor: Robe              |    52 |    44 ||    96
Dodge: Dodged            |    47 |    35 ||    82
Block: Kite shield       |    27 |    32 ||    59

Table legend: (Time is in decaauts)
 A = Elapsed time spent in this place.
 B = Non-inter-level travel time spent in this place.
 C = Inter-level travel time spent in this place.
 D = Time resting spent in this place.
 E = Time spent auto-exploring this place.
 F = Levels seen in this place.
 G = Mean time per level.
                   A        B        C        D        E       F      G
               +--------+--------+--------+--------+--------+-----+--------+
         Total |   2320 |   2156 |    164 |      0 |   1683 |   4 |  580.0 |
       Dungeon |   2320 |   2156 |    164 |      0 |   1683 |   4 |  580.0 |
               +--------+--------+--------+--------+--------+-----+--------+

Top non-repeatable levels by time:
     D:1: 929 daAuts
     D:2: 709 daAuts
     D:3: 668 daAuts
     D:4: 12 daAuts
